 Dungeon Crawl Stone Soup version 0.21.0 (webtiles) character file.

65024 Helmschank the Envoy of Void (level 14, -11/124 HPs)
             Began as a Demonspawn Abyssal Knight on Jan 7, 2018.
             Was a High Priest of Lugonu.
             Killed from afar by an orc wizard (12 damage)
             ... with a puff of frost
             ... while paralysed by an orc sorcerer
             ... on level 2 of the Orcish Mines on Jan 8, 2018.
             The game lasted 02:28:50 (36057 turns).

Helmschank the Envoy of Void (DsAK)                Turns: 36057, Time: 02:28:51

Health: -11/124    AC: 22    Str: 18    XL:     14   Next: 74%
Magic:  25/25      EV:  2    Int: 14    God:    Lugonu [*****.]
Gold:   1761       SH:  0    Dex: 12    Spells: 13/13 levels left

rFire    + + .     SeeInvis .   b - +2 hand axe (drain)
rCold    x . .     Gourm    .   F - +0 buckler
rNeg     . . .     Faith    .   P - +0 fire dragon scales
rPois    .         Spirit   .   Q - +2 hat
rElec    .         Reflect  +   o - +2 cloak
rCorr    .         Harm     .   S - +0 pair of gloves
MR       +....                  (no boots)
Stlth    ++++......             K - +3 amulet of reflection
HPRegen  0.30/turn              f - +2 ring of protection
MPRegen  0.19/turn              x - ring of stealth

@: paralysed, drained
A: talons 2, yellow scales 2, nightstalker 2, robust 1
a: Depart the Abyss, Bend Space, Banish, Corrupt, Enter the Abyss, Renounce
Religion


You were on level 2 of the Orcish Mines.
You worshipped Lugonu.
Lugonu was extremely pleased with you.
You were not hungry.

You visited 4 branches of the dungeon, and saw 21 of its levels.
You visited the Abyss 4 times.
You also visited: Labyrinth.

You collected 2195 gold pieces.
You spent 434 gold pieces at shops.

Inventory:

Hand Weapons
 a - a +0 hand axe of venom
 b - a +2 hand axe of draining (weapon)
 q - a +6 demon blade
 w - a +0 blowgun
 C - a +0 war axe
Missiles
 d - 50 bolts
 v - 4 curare-tipped needles
 D - 3 steel tomahawks
 M - 27 poisoned needles
 R - 22 tomahawks (quivered)
Armour
 o - a +2 cloak (worn)
 E - a +0 hat of intelligence
 F - a +0 buckler (worn)
 J - a +3 ring mail of cold resistance
 O - +0 acid dragon scales
 P - +0 fire dragon scales (worn)
 Q - a +2 hat (worn)
 S - a +0 pair of gloves (worn)
Jewellery
 f - a +2 ring of protection (left hand)
 g - an uncursed ring of protection from magic
 h - an uncursed amulet of rage
 p - an uncursed ring of resist corrosion
 x - a ring of stealth (right hand)
 z - an uncursed ring of wizardry
 K - a +3 amulet of reflection (around neck)
 L - an uncursed ring of protection from fire
Wands
 m - a wand of disintegration (20)
 s - a wand of iceblast (23)
 t - a wand of scattershot (4)
 u - a wand of flame (21)
 H - a wand of digging (30)
Scrolls
 k - 2 scrolls of magic mapping
 r - 3 scrolls of identify
 y - 3 scrolls of fog
 A - 7 scrolls of remove curse
 B - 5 scrolls of teleportation
 G - a scroll of immolation
 I - a scroll of fear
 U - 2 scrolls of amnesia
 W - 3 scrolls of blinking
Potions
 e - a potion of agility
 i - 4 potions of flight
 j - 2 potions of curing
 l - 2 potions of haste
 n - 2 potions of cancellation
 N - 2 potions of magic
 T - a potion of ambrosia
 Z - a potion of resistance
Comestibles
 c - 38 rations
 V - 23 chunks of flesh


   Skills:
 - Level 11.0(9.9) Fighting
 - Level 13.0(11.8) Axes
 - Level 9.0(7.9) Armour
 - Level 9.0(7.9) Dodging
 - Level 5.0(4.0) Stealth
 - Level 4.9(4.0) Shields
 + Level 15.7(14.5) Invocations


You had 13 spell levels left.
You didn't know any spells.

Dungeon Overview and Level Annotations

Branches:
Dungeon (12/15)            Temple (1/1) D:7            Lair (6/6) D:10
  Swamp (0/4) Lair:3        Snake (0/4) Lair:2        Slime (0/5) Lair:5
    Orc (2/2) D:12            Elf (0/3) Orc:2

Altars:
Ashenzari
Cheibriados
Dithmenos
Elyvilon
Fedhas
Gozag
Hepliaklqana
Kikubaaqudgha
Makhleb
Nemelex Xobeh
Okawaru
Qazlal
Ru
Sif Muna
Trog
Uskayaw
Vehumet
Wu Jian
Xom
Yredelemnul
Zin
The Shining One
Beogh
Jiyva

Shops:
D:4 (   D:8 :   D:12 [

Annotations:
D:12 1 runed door
Lair:5 exclusion: oklob plant
Abyss:1 Harold


Innate Abilities, Weirdness & Mutations

You have razor-sharp toenails.
You are mostly covered in yellow scales. (AC +3)
You are significantly more attuned to the shadows.
You are robust. (+10% HP)


Message History

The teleport trap disappears.
The warg disappears!
The orc wizard points at you and mumbles some strange words.
The puff of frost hits you!
The orc wizard gestures at you while chanting.
The magic dart hits you!
* * * LOW HITPOINT WARNING * * *
The orc warrior hits you from afar with a glaive!
* * * LOW HITPOINT WARNING * * *
The orc sorcerer hits you but does no damage.
The orc wizard barely misses you.
The orc warrior hits you but does no damage.
The orc wizard gestures wildly while chanting.
The orc wizard blinks!
The orc sorcerer completely misses you.
The orc wizard hits you but does no damage.
The orc warrior hits you from afar with a glaive!
* * * LOW HITPOINT WARNING * * *
The orc warrior hits you but does no damage.
The orc wizard points at you and mumbles some strange words.
The puff of frost hits you!
You feel a terrible chill!
You die...

................#
o................#
#o..T.......)....#
#...........))).##
#.....§..........#
#........).......#
#......(.oo.....##
#........%oo)....#
.........o@......#
.......))........#
......).).o))....#
.............)[..#
...............#
...............#
...............#
...............#
........##


You could see an orc sorcerer, 2 orc warriors and 3 orc wizards.

Vanquished Creatures
  Gastronok (D:8)
  A minotaur (Lab)
  A fire dragon (Lair:6)
  Erica (D:8)
  A dancing weapon (D:12)
  3 death yaks (Lair:6)
  The ghost of drock42 the Summoner, a novice MfSu of Sif Muna (D:9)
  A deep elf knight (D:12)
  A swamp dragon (Lair:6)
  The ghost of komi the Martial Artist, a novice OpMo of Cheibriados (D:8)
  5 wizards
  2 lindwurms (Lair:6)
  An orc knight (D:11)
  A wolf spider zombie (D:11)
  An ugly thing (D:11)
  2 orc sorcerers
  A cyclops (D:12)
  2 deep elf magi
  Maurice (D:8)
  6 elephants (Lair:6)
  6 black mambas
  2 torpor snails
  A gargoyle (D:12)
  Joseph (D:7)
  16 spiny frogs
  6 komodo dragons
  3 rime drakes
  3 trolls
  3 polar bears
  15 blink frogs
  2 dream sheep (Lair:6)
  10 hippogriffs
  2 shadows (D:12)
  A spriggan (D:8)
  4 wraiths
  3 wyverns
  8 basilisks
  33 yaks
  2 fire bats (D:12)
  A hungry ghost (D:9)
  2 steam dragons
  Menkaure (D:6)
  3 wargs
  3 acid dragons (Lair:6)
  12 water moccasins
  2 nagas (Lair:2)
  25 soldier ants (Lair:4)
  13 porcupines
  3 ice beasts
  2 swamp drakes (Lair:6)
  12 orc warriors
  3 sky beasts
  3 phantoms
  2 necrophages
  8 ogres
  14 wolves
  25 crocodiles
  6 big kobolds
  17 bullfrogs
  2 gnoll sergeants
  4 scorpions
  29 killer bees
  3 wights (D:9)
  4 howler monkeys
  2 electric eels (Lair:1)
  A centaur zombie (D:7)
  3 quasits
  4 crimson imps
  A bullfrog zombie (D:6)
  A jelly (D:5)
  2 bullfrog skeletons
  3 centaur skeletons
  21 orc wizards
  17 orc priests
  5 hounds
  Crazy Yiuf (D:3)
  5 iguanas
  A hell rat (Lair:2)
  20 worker ants
  A killer bee zombie (D:7)
  A hound skeleton (D:6)
  2 worker ant zombies (D:11)
  A howler monkey zombie (D:6)
  18 gnolls
  12 adders
  A river rat (Lair:2)
  6 shadow imps
  An ooze (D:7)
  An adder zombie (D:8)
  3 worms
  3 dart slugs
  6 leopard geckos
  75 orcs
  14 bats
  5 giant cockroaches
  6 goblins
  7 hobgoblins
  14 jackals
  5 quokkas
  A ball python (D:5)
  8 frilled lizards
  51 kobolds
  A quokka skeleton (D:8)
  4 rats
  A bush (Lair:4)
  A butterfly (Lair:5)
  7 fungi
  8 plants
705 creatures vanquished.

Vanquished Creatures (collateral kills)
  2 killer bees (Lair:2)
  A plant (Lair:2)
3 creatures vanquished.

Vanquished Creatures (others)
  2 entropy weavers (Lair:4)
  3 hydras
  2 catoblepae (Lair:6)
  A queen ant (Lair:4)
  A spiny frog (Lair:5)
  2 rime drakes (Lair:6)
  A jelly (D:9)
  33 fungi
  28 plants
73 creatures vanquished.

Grand Total: 781 creatures vanquished

Notes
Turn   | Place    | Note
-------+----------+-------------------------------------------
     0 | Abyss:1  | Helmschank the Demonspawn Abyssal Knight began the quest for the Orb.
     0 | Abyss:1  | Reached XP level 1. HP: 18/18 MP: 2/2
    29 | D:1      | Escaped the Abyss
   328 | D:1      | Gained mutation: You are partially covered in yellow scales. (AC +2) [demonic ancestry]
   328 | D:1      | Reached XP level 2. HP: 14/24 MP: 4/4
   521 | D:1      | Reached skill level 3 in Invocations
  1306 | D:2      | Reached XP level 3. HP: 29/29 MP: 5/5
  2002 | D:2      | Reached XP level 4. HP: 35/35 MP: 6/6
  2064 | D:2      | Reached ** piety under Lugonu
  2431 | D:3      | Found a runed door.
  2435 | D:3      | Noticed Crazy Yiuf
  2437 | D:3      | Killed Crazy Yiuf
  2437 | D:3      | Reached skill level 4 in Invocations
  2970 | D:3      | Noticed a big kobold
  2972 | D:3      | Gained mutation: You have sharp toenails. [demonic ancestry]
  2972 | D:3      | Reached XP level 5. HP: 39/41 MP: 8/8
  2985 | D:3      | Reached skill level 5 in Invocations
  3005 | D:3      | Reached skill level 6 in Invocations
  3005 | D:3      | Gained mutation: You are slightly more attuned to the shadows. [demonic ancestry]
  3005 | D:3      | Reached XP level 6. HP: 46/47 MP: 10/10
  3139 | D:3      | Reached *** piety under Lugonu
  3367 | D:3      | Reached skill level 7 in Invocations
  3458 | D:3      | Reached skill level 5 in Axes
  3458 | D:3      | Gained mutation: You are mostly covered in yellow scales. (AC +3) [demonic ancestry]
  3458 | D:3      | Reached XP level 7. HP: 39/52 MP: 12/12
  4092 | D:4      | Found Mackus's Weapon Boutique.
  4280 | D:4      | Found a burning altar of Makhleb.
  4287 | D:4      | Found a basalt altar of Yredelemnul.
  4292 | D:4      | Found a snail-covered altar of Cheibriados.
  4303 | D:4      | Found a bloodstained altar of Trog.
  4310 | D:4      | Found a sacrificial altar of Ru.
  4315 | D:4      | Found a hazy altar of Hepliaklqana.
  4322 | D:4      | Found a shimmering altar of Xom.
  4660 | D:4      | Reached **** piety under Lugonu
  4796 | D:5      | Entered Level 5 of the Dungeon
  4892 | D:5      | Reached skill level 8 in Invocations
  5146 | D:5      | Reached XP level 8. HP: 43/58 MP: 14/14
  5481 | D:5      | Reached skill level 9 in Invocations
  5674 | D:5      | Reached skill level 1 in Dodging
  6469 | D:6      | Reached skill level 5 in Fighting
  6469 | D:6      | Reached skill level 10 in Invocations
  6487 | D:6      | Found a runed door.
  6821 | D:6      | Reached XP level 9. HP: 68/68 MP: 16/16
  6868 | D:6      | Noticed Menkaure
  6890 | D:6      | Killed Menkaure
  7494 | D:6      | Reached skill level 11 in Invocations
  7806 | D:6      | Reached ***** piety under Lugonu
  8109 | D:6      | Found a roughly hewn altar of Beogh.
  8338 | D:7      | Reached skill level 1 in Shields
  8417 | D:7      | Noticed Joseph
  8447 | D:7      | Killed Joseph
  9109 | D:7      | Found a staircase to the Ecumenical Temple.
  9130 | Temple   | Entered the Ecumenical Temple
  9279 | D:8      | Noticed Erica
  9292 | D:8      | Killed Erica
  9292 | D:8      | Reached skill level 12 in Invocations
  9292 | D:8      | Reached XP level 10. HP: 18/74 MP: 17/19
  9713 | D:8      | Noticed Maurice
  9996 | D:8      | Noticed komi's ghost (novice OpMo)
 10016 | D:8      | Killed Maurice
 10306 | D:8      | Reached skill level 13 in Invocations
 10417 | D:8      | Noticed Gastronok
 10551 | D:8      | Killed Gastronok
 10794 | D:8      | Killed komi's ghost
 10993 | D:8      | Found Bivorro's Book Boutique.
 11055 | D:8      | Reached skill level 14 in Invocations
 11370 | D:9      | Found a white marble altar of Elyvilon.
 11372 | D:9      | Found an iron altar of Okawaru.
 11459 | D:9      | Found a glowing golden altar of the Shining One.
 11749 | D:9      | Gained mutation: You are significantly more attuned to the shadows. [demonic ancestry]
 11749 | D:9      | Reached XP level 11. HP: 77/80 MP: 21/21
 12488 | D:9      | Noticed drock42's ghost (novice MfSu)
 12553 | D:9      | Killed drock42's ghost
 12991 | D:10     | Entered Level 10 of the Dungeon
 13056 | D:10     | Found a staircase to the Lair.
 13104 | D:9      | Reached skill level 15 in Invocations
 13442 | D:10     | Reached ****** piety under Lugonu
 14039 | D:10     | Noticed a deep elf mage
 14040 | D:10     | Noticed a wizard
 14049 | D:10     | Killed a wizard
 14055 | D:10     | Identified Mucoirphe's Almanac of Axaxaxas mlö
 14065 | D:10     | Identified the Compendium of Combed Thunderclap
 14072 | D:10     | Noticed a deep elf mage
 14084 | D:10     | Identified the Incunabulum of Dhcmrlchtdj
 14092 | D:10     | Killed a deep elf mage
 14239 | D:10     | Noticed a wizard
 14249 | D:10     | Cast into level 3 of the Abyss (a wizard)
 14273 | Abyss:3  | Noticed a glowing orange brain
 14275 | D:10     | Escaped the Abyss
 14279 | D:10     | Killed a wizard
 14636 | Lair:1   | Entered Level 1 of the Lair of Beasts
 14649 | D:10     | Reached skill level 10 in Axes
 14995 | Lair:1   | Noticed Harold
 15646 | Lair:1   | Reached skill level 1 in Stealth
 15669 | Lair:1   | Reached XP level 12. HP: 58/91 MP: 23/23
 16153 | Lair:1   | Reached skill level 5 in Stealth
 16950 | Lair:1   | Banished Harold
 16950 | Lair:1   | Reached skill level 5 in Armour
 17898 | Lair:2   | Found a staircase to the Snake Pit.
 18022 | Lair:2   | Reached skill level 5 in Dodging
 18105 | Lair:2   | Noticed a seven-headed hydra
 18107 | Lair:2   | Banished a seven-headed hydra
 20456 | Lair:3   | Found a labyrinth entrance.
 20456 | Lair:3   | Noticed an eight-headed hydra
 20480 | Lair:3   | Banished an eight-headed hydra
 20693 | Lab      | Entered a labyrinth
 21152 | Lab      | Noticed a minotaur
 21171 | Lab      | Killed a minotaur
 21171 | Lab      | Gained mutation: You have razor-sharp toenails. [demonic ancestry]
 21171 | Lab      | Reached XP level 13. HP: 62/101 MP: 24/24
 21176 | Lab      | Got a warped short sword {drain}
 21182 | Lab      | Identified the Volume of the Lethal Compass
 21591 | Lair:3   | Found a staircase to the Swamp.
 22770 | Lair:4   | Noticed an entropy weaver
 22784 | Lair:4   | Noticed an entropy weaver
 22816 | Lair:4   | Banished an entropy weaver
 22851 | Lair:4   | HP: 5/101 [poisoned by a queen ant]
 22856 | Lair:4   | HP: 3/101 [poisoned by a queen ant]
 22861 | Lair:4   | HP: 3/101 [poisoned by a queen ant]
 22868 | Lair:4   | HP: 2/101 [poisoned by a queen ant]
 22876 | Lair:4   | HP: 2/101 [poisoned by a queen ant]
 23810 | Lair:4   | Banished an entropy weaver
 27212 | Lair:5   | Found a viscous altar of Jiyva.
 27214 | Lair:5   | Found a staircase to the Slime Pits.
 27719 | Lair:6   | Entered Level 6 of the Lair of Beasts
 28498 | Lair:6   | Reached skill level 10 in Fighting
 28875 | Lair:6   | Noticed a fire dragon
 28925 | Lair:6   | Killed a fire dragon
 28925 | Lair:6   | Gained mutation: You are robust. (+10% HP) [demonic ancestry]
 28925 | Lair:6   | Reached XP level 14. HP: 49/121 MP: 25/25
 32848 | D:12     | Cast into level 2 of the Abyss (a wizard)
 32880 | D:12     | Escaped the Abyss
 32957 | D:12     | Cast into level 2 of the Abyss (a wizard)
 33050 | D:12     | Escaped the Abyss
 33321 | D:12     | Found Nueschul's Antique Armour Shoppe.
 33328 | D:12     | Bought a glowing hat for 217 gold pieces
 33328 | D:12     | Bought a glowing hat for 217 gold pieces
 33447 | D:12     | HP: 5/124 [wizard/crystal spear (17)]
 34177 | D:12     | Found a staircase to the Orcish Mines.
 34869 | D:12     | Found a hazy altar of Hepliaklqana.
 34879 | D:12     | Found a snail-covered altar of Cheibriados.
 34925 | D:12     | Found a runed door.
 34941 | D:12     | Found a shimmering altar of Xom.
 34981 | D:12     | Found a shimmering altar of Xom.
 35025 | D:12     | Found an opulent altar of Gozag.
 35033 | D:12     | Found a stormy altar of Qazlal.
 35126 | Orc:1    | Entered Level 1 of the Orcish Mines
 35657 | Orc:2    | Entered Level 2 of the Orcish Mines
 35688 | Orc:2    | Found a staircase to the Elven Halls.
 36053 | Orc:2    | Paralysed by an orc sorcerer for 4 turns
 36057 | Orc:2    | HP: 1/124 [orc warrior/glaive (15)]
 36057 | Orc:2    | Killed from afar by an orc wizard

Skill      XL: |  1  2  3  4  5  6  7  8  9 10 11 12 13 14 |
---------------+-------------------------------------------+-----
Axes           | 2 3 4 5 6 7 9 11 13 | 13.0
Invocations    | 3 4 6 7 8 10 12 14 15 | 15.7
Armour         | 3 7 9 |  9.0
Dodging        | 1 2 3 5 7 9 |  9.0
Fighting       | 5 7 9 10 11 | 11.0
Shields        | 4 |  4.9
Stealth        | 2 5 |  5.0

Action                   |  1- 3 |  4- 6 |  7- 9 | 10-12 | 13-15 || total
-------------------------+-------+-------+-------+-------+-------++-------
Melee: Hand axe          |   125 |   209 |   539 |  1232 |  1574 ||  3679
       Kick              |       |    32 |   126 |   319 |   526 ||  1003
 Fire: Blowgun           |       |       |       |       |     2 ||     2
Throw: Stone             |    19 |    35 |    30 |       |       ||    84
       Tomahawk          |       |       |    31 |    84 |    93 ||   208
Invok: Bend Space        |       |       |     1 |       |     2 ||     3
       Depart the Abyss  |       |       |       |     1 |     2 ||     3
       Banish            |       |       |       |     4 |    19 ||    23
Evoke: Wand              |       |     2 |       |     6 |     2 ||    10
  Use: Scroll            |       |       |    15 |    16 |     7 ||    38
       Potion            |       |       |     3 |     7 |     6 ||    16
 Stab: Sleeping          |       |       |     6 |    12 |    23 ||    41
       Distracted        |       |       |     1 |     2 |     3 ||     6
       Invisible         |       |       |       |     2 |       ||     2
  Eat: Chunk             |     3 |     5 |    20 |    26 |    32 ||    86
       Ration            |       |       |       |     5 |     6 ||    11
Armor: Leather armour    |    52 |    26 |       |       |       ||    78
       Ring mail         |       |    58 |    84 |   451 |   208 ||   801
       Chain mail        |       |       |   192 |       |       ||   192
       Acid dragon scale |       |       |       |       |    28 ||    28
       Fire dragon scale |       |       |       |       |   230 ||   230
Dodge: Dodged            |    72 |   129 |   205 |   456 |   609 ||  1471
Block: Buckler           |       |       |    16 |   388 |   402 ||   806
       Reflection        |       |       |       |     5 |     4 ||     9
